 Dungeon Crawl Stone Soup version 0.24-a0-631-g346d576 (webtiles) character file.

Game seed: 15988997152488167610, levelgen mode: deterministic

419 Dorkslayer the Skirmisher (level 6, 0/44 HPs)
             Began as an Octopode Fighter on Sept 18, 2019.
             Slain by an orc priest
             ... wielding a +0 mace
              (6 damage)
             ... on level 4 of the Dungeon on Sept 20, 2019.
             The game lasted 00:10:15 (2515 turns).

Dorkslayer the Skirmisher (Octopode Fighter)        Turns: 2515, Time: 00:10:16

Health: 0/44       AC:  1    Str: 21    XL:     6   Next: 93%
Magic:  6/6        EV: 12    Int: 11    God:
Gold:   54         SH:  9    Dex: 12    Spells: 5/5 levels left

rFire    . . .     SeeInvis .   a - +0 long sword
rCold    . . .     Gourm    .   b - +0 shield
rNeg     . . .     Faith    +   (helmet restricted)
rPois    .         Spirit   .   p - amulet of faith
rElec    .         Reflect  .   (no ring)
rCorr    .         Harm     .   (no ring)
MR       .....                  (no ring)
Stlth    +++.......             (no ring)
HPRegen  0.14/turn              (no ring)
MPRegen  0.10/turn              (no ring)
                                (no ring)
                                (no ring)

@: mighty, very slightly contaminated, invisible (expiring)
A: almost no armour, stealthy swim, amphibious, 8 rings, constrict 8, camouflage
1, gelatinous body 1
a: no special abilities


You were on level 4 of the Dungeon.
You were not hungry.

You visited 1 branch of the dungeon, and saw 4 of its levels.

You collected 54 gold pieces.

Inventory:

Hand Weapons
 a - a +0 long sword (weapon)
Armour
 b - a +0 shield (worn)
Jewellery
 p - an amulet of faith (around mantle)
Wands
 m - a wand of polymorph (5)
Scrolls
 e - a scroll of teleportation {unknown}
 g - a scroll of identify {unknown}
 h - a scroll of fog {unknown}
 i - 2 scrolls of remove curse {unknown}
 k - 2 scrolls of fear {unknown}
 l - a scroll of blinking {unknown}
 o - 3 scrolls of amnesia {unknown}
Potions
 n - a potion of flight {unknown}
Comestibles
 d - 6 rations
 f - 2 chunks of flesh


   Skills:
 * Level 4.5 Fighting
 + Level 4.2 Long Blades
 + Level 3.9 Dodging
 + Level 4.1 Stealth
 + Level 3.7 Shields


You had 5 spell levels left.
You didn't know any spells.
Your spell library was empty.

Dungeon Overview and Level Annotations

Branches:
Dungeon (4/15)
 Temple: D:4-7

Altars:
Zin


Innate Abilities, Weirdness & Mutations

You cannot wear most types of armour.
You are very stealthy in the water. (Stealth+)
You are amphibious.
You can wear up to eight rings at the same time.
You can use your tentacles to constrict eight enemies at once.
Your skin changes colour to match your surroundings (Stealth+).
Your rubbery body absorbs attacks. (AC +1, EV +1)


Message History

An orc priest comes into view. It is wielding a +0 dagger.
Unknown command.
The orc priest shouts!
You slash the orc!
You kill the orc!
You slash the orc!
You kill the orc!
The orc wizard shouts!
A phantom comes into view.
You catch the helpless orc priest completely off-guard!
You hit the orc priest.
The orc wizard shouts!
You grab the orc priest.
The orc priest is heavily wounded.
You constrict the orc priest.
The orc priest invokes the aid of Beogh against you.
Beogh smites you!
* * * LOW HITPOINT WARNING * * *
The orc priest hits you with a +0 mace.
You die...

.........o..
.......Ww..
###........#
#.......o.#
###........#
#...#....o#
..........o))#
.(.. #..>@..##
..... #....)..#
.....##....)..#
..............##
..........#.......
..#.........#.|..
#...)...###...#
#...<...# ...
#.........# .##


You could see a phantom (wandering), a worm (wandering), 3 orc priests and an
orc.

Vanquished Creatures
  A centaur (D:2)
  3 orc wizards
  Jessica (D:3)
  2 worker ants
  3 gnolls (D:4)
  4 adders
  A shadow imp (D:4)
  A worm (D:2)
  2 dart slugs
  A leopard gecko (D:1)
  8 orcs
  3 giant cockroaches
  9 goblins
  13 hobgoblins
  8 jackals (D:3)
  2 quokkas (D:3)
  4 ball pythons
  11 bats
  4 frilled lizards
  6 kobolds
  12 rats
99 creatures vanquished.

Notes
Turn   | Place    | Note
-------+----------+-------------------------------------------
     0 | D:1      | Dorkslayer the Octopode Fighter began the quest for the
                  | Orb.
     0 | D:1      | Reached XP level 1. HP: 16/16 MP: 1/1
    23 | D:1      | Reached XP level 2. HP: 21/21 MP: 2/2
   234 | D:1      | Reached XP level 3. HP: 23/26 MP: 3/3
   351 | D:1      | Reached skill level 1 in Stealth
   914 | D:2      | Reached XP level 4. HP: 19/31 MP: 4/4
  1471 | D:2      | Noticed a centaur
  1477 | D:2      | Killed a centaur
  1477 | D:2      | Reached XP level 5. HP: 15/37 MP: 5/5
  1483 | D:2      | Found a glowing silver altar of Zin.
  1484 | D:2      | Noticed an angel
  1801 | D:3      | Upgraded the game from 0.24-a0-630-g0d56a85 to
                  | 0.24-a0-631-g346d576
  2088 | D:3      | Noticed Jessica
  2094 | D:3      | Killed Jessica
  2094 | D:3      | Reached XP level 6. HP: 43/43 MP: 6/6
  2514 | D:4      | Noticed a phantom
  2515 | D:4      | Slain by an orc priest

Levels and vault maps discovered:
D:1:      wander_arrival_peaceful_grave, layout_rooms, roderic_lattice_a,
          minmay_tromino_i4
D:2:      layout_basic, zin_angel, st_stairs_1
D:3:      layout_basic, uniq_jessica
D:4:      layout_cave_pools, kennysheep_little_box, marbit_many_paths,
          nicolae_overflow_crystal_walls, first_ration, minmay_strange_pillars,
          roderic_batcave

Skill      XL: |  1  2  3  4  5  6 |
---------------+-------------------+-----
Stealth        | 1 2 3 4 |  4.1
Fighting       | 4 |  4.5
Long Blades    | 3 4 |  4.2
Dodging        | |  3.9
Shields        | |  3.7

Action                   |  1- 3 |  4- 6 || total
-------------------------+-------+-------++-------
Melee: Long sword        |    71 |    89 ||   160
       Constrict         |    19 |    28 ||    47
       Tentacles         |    11 |    23 ||    34
  Use: Potion            |       |     4 ||     4
 Stab: Sleeping          |     5 |     9 ||    14
       Invisible         |       |     1 ||     1
  Eat: Chunk             |       |     5 ||     5
Armor: Skin              |     9 |     8 ||    17
Dodge: Dodged            |    26 |    51 ||    77
Block: Shield            |    30 |    35 ||    65
       Rpst.: Long sword |     7 |    12 ||    19

Table legend:
 A = Non-vault XP
 B = Vault XP
 C = Vault XP percentage of total XP
 D = Non-vault monster count
 E = Vault monster count
 F = Vault count percentage of total count
                 A         B        C        D         E       F
            +---------+---------+-------+---------+---------+-------
      Total |     554 |      45 |   7.5 |      93 |       6 |   6.1
            +---------+---------+-------+---------+---------+-------
        D:1 |      51 |       5 |   8.9 |      29 |       3 |   9.4
        D:2 |     210 |       3 |   1.4 |      20 |       2 |   9.1
        D:3 |     153 |      37 |  19.5 |      34 |       1 |   2.9
        D:4 |     140 |       0 |   0.0 |      10 |       0 |   0.0
            +---------+---------+-------+---------+---------+-------
